 Dungeon Crawl Stone Soup version 0.30-a0-1160-g6e42c06551 (webtiles) character file.

Game seed: 15798338501676148456

15 BigDaddyOpFi the Trooper (level 2, -2/27 HPs)
             Began as a Hill Orc Fighter on Apr 25, 2023.
             Slain by Sigmund
             ... wielding a +1 scythe of holy wrath
              (7 damage)
             ... on level 2 of the Dungeon.
             The game lasted 00:00:28 (1035 turns).

BigDaddyOpFi the Trooper (Hill Orc Fighter)         Turns: 1035, Time: 00:00:29

Health: -2/27      AC:  6    Str: 18    XL:     2   Next: 50%
Magic:  2/2        EV:  9    Int:  8    God:
Gold:   7          SH:  4    Dex: 10    Spells: 1/1 levels left

rFire   . . .        a - +0 war axe
rCold   . . .        c - +0 buckler
rNeg    . . .        b - +0 scale mail
rPois   .            (no helmet)
rElec   .            (no cloak)
rCorr   .            (no gloves)
SInv    .            (no boots)
Will    .....        (no amulet) Stlth
                     (no ring)
HPRegen 0.24/turn    (no ring)
MPRegen 0.08/turn

%: no passive effects
@: mighty
A: no striking features
a: no special abilities


You were on level 2 of the Dungeon.
You visited 1 branch of the dungeon, and saw 2 of its levels.

You collected 7 gold pieces.

Inventory:

Hand Weapons
 a - a +0 war axe (weapon)
Armour
 b - a +0 scale mail (worn)
 c - a +0 buckler (worn)
Scrolls
 e - a scroll of fog
 f - a scroll of identify


   Skills:
 + Level 3.9 Fighting
 + Level 3.1 Axes
 + Level 3.5 Armour
 + Level 3.5 Shields


You had one spell level left.
You didn't know any spells.
Your spell library contained the following spells:

 Spells                   Type           Power      Damage    Failure   Level
 Ensorcelled Hibernation  Hex/Ice        0%         N/A       95%         2
 Spider Form              Tmut/Pois      0%         N/A       99%         3
 Anguish                  Hex/Necr       0%         N/A       100%        4


Dungeon Overview and Level Annotations

Branches:
Dungeon (2/15)

Altars:

Annotations:
D:2 Sigmund


Message History

You are too injured to fight recklessly!
You are too injured to fight recklessly!
You are too injured to fight recklessly!
You are too injured to fight recklessly!
You are too injured to fight recklessly!
You are too injured to fight recklessly!
You are too injured to fight recklessly!
You feel very mighty all of a sudden. The ball python closely misses you.
You block the ball python's attack.
You hear some strange, mumbled words.
You are confused.
It was a potion of curing.
You feel better. You block the ball python's attack. The ball python grabs you.
The ball python constricts you. Something hits you!
* * * LOW HITPOINT WARNING * * *
You aren't carrying any potions.
As you read the scroll labelled ZEBREH MIFFEON, it crumbles to dust.
It is a scroll of identify.
e - a scroll of fog The ball python bites you but does no damage.
The ball python constricts you.
* * * LOW HITPOINT WARNING * * *
The air fills with toxic fumes!
As you read the scroll labelled XEALIADUAS, it crumbles to dust.
It was a scroll of poison.
You block the ball python's attack. The ball python constricts you.
* * * LOW HITPOINT WARNING * * *
Something hits you but does no damage. The ball python barely misses you.
The ball python constricts you.
You slash the ball python!
You kill the ball python!
Something hits you but does no damage.
Unknown command.
A goblin comes into view. It is wielding a +0 club.
The goblin shouts!
You see here a ball python corpse.
Things that are here:
a scroll of identify; a jackal corpse You see here a ball python corpse.
Something hits you!
You die...

..§§## .. ##.§§§
.§. .☼.☼☼###☼§
######..§§§§§#
...#...§§§§☼#
.####§#§.#§§☼§§#
...§§§§§§#§§☼§##§#
#§§§§@†§§§§☼§#
#§§§§#§§##§#§#
#§##..§☼§§.. ...
.§.§§##☼#
#.##+####§#☼. §☼ #
.§#### §# ### #


There were no monsters in sight!

Vanquished Creatures
  2 endoplasms
  6 jackals
  A ball python (D:2)
  A bat (D:2)
  2 frilled lizards (D:1)
  A kobold (D:1)
  A rat (D:1)
14 creatures vanquished.

Notes
Turn   | Place    | Note
-------+----------+-------------------------------------------
     0 | D:1      | BigDaddyOpFi the Hill Orc Fighter began the quest for the
                  | Orb.
     0 | D:1      | Reached XP level 1. HP: 19/19 MP: 1/1
   164 | D:1      | Found a faded altar of an unknown god.
   403 | D:1      | Reached XP level 2. HP: 20/27 MP: 2/2
  1018 | D:2      | Noticed Sigmund
  1035 | D:2      | Slain by Sigmund

Illustrated notes

Levels and vault maps discovered:
D:1:      kilobyte_arrival_exit_the_forest, layout_basic,
          shapermc_ecumenical_altar_gd, hex_medium
D:2:      layout_basic, uniq_sigmund, uniq_robin

Skill      XL: |  1  2 |
---------------+-------+-----
Axes           | 3 |  3.1
Fighting       | |  3.9
Armour         | |  3.5
Shields        | |  3.5

Action                     || total
---------------------------++-------
  Melee: War axe           ||    36
    Use: Scroll            ||     2
         Potion            ||     2
 Armour: Scale mail        ||    31
  Dodge: Dodged            ||    20
  Block: Buckler           ||    12

Table legend: (Time is in decaauts)
 A = Elapsed time spent in this place.
 B = Non-inter-level travel time spent in this place.
 C = Inter-level travel time spent in this place.
 D = Time resting spent in this place.
 E = Time spent auto-exploring this place.
 F = Levels seen in this place.
 G = Mean time per level.
                   A        B        C        D        E       F      G
               +--------+--------+--------+--------+--------+-----+--------+
         Total |   1057 |   1013 |     44 |      0 |    925 |   2 |  528.5 |
       Dungeon |   1057 |   1013 |     44 |      0 |    925 |   2 |  528.5 |
               +--------+--------+--------+--------+--------+-----+--------+

Top non-repeatable levels by time:
     D:1: 1033 daAuts
     D:2: 23 daAuts
